Map: Eternal Empire LE

Players

Slaight

  • Race: Protoss Protoss
  • League: Platinum
  • Spawn Location: 1:00

felix - Winner!

  • Race: Terran Terran
  • League: Diamond
  • Spawn Location: 7:00

VOD

Have the link to the VOD?

Description

Time

  • Played on: Aug. 14, 2020, 2:13 p.m.
  • Length: 5:09
Show
View Real Time Build Order
Export as new Build Order

Slaight Protoss 

Build Orders: 1 Gate Expand 

Get SALT Encoding   

  12  0:01  Probe  
  13  0:13  Probe  
  14  0:19  Pylon  
  14  0:25  Assimilator  
  14  0:29  Probe  
  15  0:42  Gateway  
  15  0:45  Probe (Chrono Boost)  
  16  0:55  Probe (Chrono Boost)  
  17  1:00  Probe (Chrono Boost)  
  18  1:21  Nexus  
  18  1:25  Probe  
  19  1:37  Probe  
  20  1:47  Cybernetics Core  
  20  1:49  Probe (Chrono Boost)  
  21  2:01  Probe (Chrono Boost)  
  22  2:06  Probe (Chrono Boost)  
  22  2:07  Assimilator  
  23  2:09  Pylon  
  23  2:27  Probe  
  24  2:31  Warp Gate  
  24  2:33  Adept  
  26  2:39  Probe  
  27  2:45  Robotics Facility  
  27  2:47  Shield Battery, Probe  
  28  2:51  Probe  
  29  3:00  Probe  
  29  3:03  Probe  
  31  3:12  Probe  
  32  3:15  Probe  
  33  3:24  Probe  
  34  3:28  Probe  
  34  3:30  Twilight Council  
  34  3:33  Robotics Bay  
  35  3:40  Probe x2  
  37  3:43  Observer  
  38  3:52  Probe  
  39  4:18  Pylon  
  45  4:27  Assimilator  
  45  4:29  Assimilator  
  45  4:33  Gateway  
  45  4:35  Gateway  
  45  4:37  Gateway  
  45  4:38  Gateway  
  45  4:43  Shield Battery  
  45  4:44  Zealot  
  47  4:50  Probe x2  
  45  5:00  Pylon  
Show
View Real Time Build Order
Export as new Build Order

felix Terran - Winner!

Build Orders:  

Get SALT Encoding   

  12  0:01  SCV  
  13  0:13  SCV  
  14  0:20  Supply Depot  
  14  0:25  SCV  
  15  0:43  Barracks  
  15  0:49  Barracks  
  15  1:01  Barracks  
  15  1:12  Barracks  
  15  1:15  SCV  
  16  1:27  SCV  
  16  1:31  Marine  
  18  1:38  Refinery  
  18  1:44  Supply Depot  
  18  1:45  Marine  
  19  1:48  Marine  
  19  1:53  Marine  
  21  2:01  SCV  
  22  2:03  Marine  
  22  2:05  Marine  
  24  2:11  Marine x2  
  26  2:23  Marine, Supply Depot  
  26  2:25  Marine  
  28  2:31  Marine x2  
  30  2:41  Marine  
  31  2:44  Marine, SCV  
  33  2:52  Marine, Supply Depot  
  33  2:55  Marine  
  35  2:59  Marine  
  35  3:02  Marine  
  38  3:05  SCV  
  38  3:15  Marine, Barracks Tech Lab  
  38  3:17  Marine  
  40  3:22  Supply Depot  
  40  3:24  Marine  
  41  3:33  Marine  
  42  3:35  Marine  
  42  3:38  Marauder  
  45  3:48  Marine  
  46  3:52  Marine  
  46  3:54  Marine  
  48  4:21  Command Center  
  48  4:25  Marine  
  48  4:27  Marine  
  48  4:30  Marine  
Tags
 
Add a new tag
Caveats
  • Supply blocks, unpowered buildings, or Contaminate may cause inaccurate times.
  • Supply counts are checked every 10 seconds.